AoeStats
← AiM | Facu1414

Oasis

507383198Analyzed
3v3 RM · 13d ago on Sep 18, 2026· 35m 31s· 6 players
Game mode
Random Map
Map size
Normal (6 player)
Population
200
Speed
Normal
Resources
Standard
Victory
Conquest
Starting age
Dark Age
Ending age
Imperial Age
RankedLock teamsTeams togetherTeam positionsShared explorationLock speedFull tech treeHidden civsTurbo modeCheats
Victory
Defeat
🇸🇻 Ethiopians · El Salvador
1637
+9
🇦🇷 Persians · Argentina
1602
+10
🇺🇾 Saracens · Uruguay
1504
+14
🇨🇱 Ethiopians · Chile
1523
-13
🇦🇷 Persians · Argentina
1521
-13
🇨🇱 Shu · Chile
1336
-7
El Kb
8:32 Feudal Age
8:44 Loom
9:01 Double-Bit Axe
9:28 Horse Collar
18:52 Scale Barding Armor
19:40 Bloodlines
20:46 Wheelbarrow
24:40 Castle Age
23:00 Forging
24:23 Gold Mining
24:28 Light Cavalry
25:36 Chain Barding Armor
28:21 Husbandry
32:44 Iron Casting
[GGnT] Nanito_Uy
6:12 Loom
9:29 Feudal Age
12:28 Fletching
17:30 Padded Archer Armor
26:04 Double-Bit Axe
32:52 Castle Age
33:01 Crossbowman
34:13 Bodkin Arrow
AxD | Kurumi 002
6:07 Loom
8:56 Feudal Age
11:18 Town Watch
12:37 Double-Bit Axe
14:57 Fletching
17:35 Padded Archer Armor
20:23 Wheelbarrow
23:43 Castle Age
21:45 Horse Collar
23:46 Crossbowman
24:22 Bodkin Arrow
24:48 Gold Mining
27:32 Ballistics
28:43 Forging
30:01 Iron Casting
29:26 Scale Mail Armor
30:38 Squires
32:21 Chain Mail Armor
AiM | Pau
5:17 Loom
10:16 Feudal Age
23:11 Double-Bit Axe
23:22 Horse Collar
26:56 Fletching
27:06 Padded Archer Armor
AiM | Facu1414
6:58 Loom
9:02 Feudal Age
10:07 Double-Bit Axe
14:26 Forging
18:19 Bloodlines
18:28 Scale Barding Armor
22:34 Horse Collar
27:02 Castle Age
25:32 Gold Mining
27:56 Wheelbarrow
27:05 Light Cavalry
28:30 Gold Shaft Mining
28:18 Chain Barding Armor
31:11 Iron Casting
AiM | Shuffle
6:41 Loom
8:48 Feudal Age
11:06 Fletching
17:42 Padded Archer Armor
19:50 Double-Bit Axe
25:12 Castle Age
23:29 Horse Collar
24:21 Gold Mining
25:18 Crossbowman
26:27 Bodkin Arrow
27:23 Ballistics
28:49 Thumb Ring
31:56 Wheelbarrow
31:59 Masonry
34:21 Bow Saw
Connection lost

Rejoining the realm…

Still unreachable

The connection could not be restored.

Session expired

The server has moved on; the page needs a fresh start.